 Dungeon Crawl Stone Soup version 0.27.0-1-g7a089689b8 (webtiles) character file.

Game seed: 16751735698705624373

39 Naeght the Poker (level 3, -6/28 HPs)
             Began as a Merfolk Gladiator on Aug 17, 2021.
             Mangled by Grinder (10 damage)
             ... while paralysed by Grinder
             ... on level 3 of the Dungeon.
             The game lasted 00:03:01 (2474 turns).

Naeght the Poker (Merfolk Gladiator)                Turns: 2474, Time: 00:03:02

Health: -6/28      AC:  3    Str: 14    XL:     3   Next: 45%
Magic:  3/3        EV:  2    Int:  7    God:
Gold:   102        SH:  0    Dex: 16    Spells: 2/2 levels left

rFire    . . .     SeeInvis .   a - +0 trident
rCold    . . .     Faith    .   (no shield)
rNeg     . . .     Spirit   .   m - +0 robe
rPois    .         Reflect  .   c - +0 helmet
rElec    .         Harm     .   (no cloak)
rCorr    .         Rampage  .   (no gloves)
Will     .....                  (no boots)
Stlth    +.........             h - amulet of magic regeneration
HPRegen  0.09/turn              (no ring)
MPRegen  0.33/turn              (no ring)

@: paralysed
A: (nimble swimmer 2), mertail
a: no special abilities


You were on level 3 of the Dungeon.
You visited 1 branch of the dungeon, and saw 3 of its levels.

You collected 102 gold pieces.

Inventory:

Hand Weapons
 a - a +0 trident (weapon)
Missiles
 d - 2 throwing nets (quivered)
 j - 84 stones
Armour
 b - a +0 leather armour
 c - a +0 helmet (worn)
 m - a +0 robe (worn)
Jewellery
 h - an amulet of magic regeneration (around neck)
Scrolls
 e - a scroll of noise {unknown}
 l - a scroll of blinking {unknown}
 n - a scroll of enchant armour {unknown}
 o - a scroll of vulnerability {unknown}
Potions
 f - a potion of might {unknown}
 g - a potion of invisibility {unknown}
 i - a potion of lignification {unknown}
 k - 3 potions of curing {unknown}


   Skills:
 + Level 2.7 Fighting
 * Level 5.5 Polearms
 - Level 2.0 Throwing
 + Level 4.5 Dodging


You had 2 spell levels left.
You didn't know any spells.
Your spell library was empty.

Dungeon Overview and Level Annotations

Branches:
Dungeon (3/15)

Altars:

Annotations:
D:3 Grinder


Innate Abilities, Weirdness & Mutations

((You are quick and stealthy near water. (Stealth+, EV+, Speed+++)))
Your lower body shifts to a powerful aquatic tail in water.


Message History

The adder misses you.
Grinder blinks!
Throw: 3 throwing nets
Press: ? - help, Q - select action, (/) - cycle Shift-Dir - straight line, f - adder
Aim: an adder (lightly wounded, 44% to hit)
You throw a throwing net. The throwing net hits the adder.
The adder is caught in the net!
The adder is lightly wounded.
The adder struggles against the net.
Grinder gestures at you. Pain shoots through your body!
You puncture the adder!
The adder is almost dead.
The adder struggles against the net. x2
The net rips apart, and the adder comes free!
Grinder says, "Don't move a muscle."
You barely miss the adder.
The adder is almost dead.
The adder barely misses you.
Grinder says, "Mostly I couldn't keep them alive."
Grinder gestures at you. Pain shoots through your body!
You hit the adder.
You kill the adder!
You hit the goblin.
The goblin is moderately wounded.
The goblin barely misses you. Grinder gestures at you.
You resist with significant effort. Grinder gestures at you.
You suddenly lose the ability to move!
The goblin hits you with a +0 dagger.
Grinder blinks!
The goblin hits you but does no damage. The goblin hits you but does no damage.
Grinder hits you.
* * * LOW HITPOINT WARNING * * *
You writhe in agony.
* * * LOW HITPOINT WARNING * * *
The goblin hits you with a +0 dagger.
* * * LOW HITPOINT WARNING * * *
Grinder hits you!
You die...

##.... #.### #$.... ##...
.... .+..... .... ... >
......ยง ##..##+#+#... .##
.#.#... ............ ..#
.....l.#####.......# #.#.
.#.#.....g.........# #.#.
.....#.#####.<.....#####...
.#.#.....5@gr......#.......
. ....#.####...........<##.
##### #.......#.#.....
#............#..
#.......#.#)##.#
.....##+......# .
..#..###.###...# # ##.....
.. #.#.# #...# ## #.#..


You could see Grinder, a goblin and a rat.

Vanquished Creatures
  An adder (D:3)
  A dart slug (D:3)
  2 endoplasms
  2 goblins (D:1)
  2 hobgoblins
  6 jackals
  A kobold (D:2)
  3 ball pythons
  3 bats
  6 rats
27 creatures vanquished.

Notes
Turn   | Place    | Note
-------+----------+-------------------------------------------
     0 | D:1      | Naeght the Merfolk Gladiator began the quest for the Orb.
     0 | D:1      | Reached XP level 1. HP: 16/16 MP: 1/1
     6 | D:1      | Noticed a redback
     6 | D:1      | Noticed a hog
     7 | D:1      | Noticed a polar bear
     7 | D:1      | Noticed a salamander
   262 | D:1      | Reached XP level 2. HP: 23/23 MP: 2/2
   302 | D:1      | Reached skill level 5 in Polearms
   371 | D:1      | Found a faded altar of an unknown god.
  2025 | D:2      | Reached XP level 3. HP: 24/28 MP: 3/3
  2456 | D:3      | Noticed Grinder
  2470 | D:3      | Paralysed by Grinder for 6 turns
  2474 | D:3      | Mangled by Grinder

Illustrated notes

Levels and vault maps discovered:
D:1:      onia_arrival_zoo_common, layout_loops_ring,
          shapermc_ecumenical_altar_mp_urbaneastern
D:2:      layout_basic
D:3:      layout_basic, portal_sewer_entry_d, serial_glass, glass_columns_b,
          glass_columns_a, uniq_grinder

Skill      XL: |  1  2 |
---------------+-------+-----
Polearms       | 5 |  5.5
Fighting       | |  2.7
Throwing       | |  2.0
Dodging        | |  4.5

Action                   || total
-------------------------++-------
Melee: Trident           ||    90
Throw: Throwing net      ||     1
 Stab: Sleeping          ||     3
Armor: Leather armour    ||     5
       Robe              ||    11
Dodge: Dodged            ||    52
